 Dungeon Crawl Stone Soup version 0.27.0-1-g7a089689b8 (webtiles) character file.

Game seed: 3994621709580666459

2839 SkeletonJelly the Carver (level 9, -3/81 HPs)
             Began as a Yellow Draconian Monk on Aug 13, 2021.
             Was an Elder of Dithmenos.
             Collided with a rock wall (11 damage)
             ... caused by Erica
             ... on level 9 of the Dungeon on Aug 14, 2021.
             The game lasted 00:17:07 (10519 turns).

SkeletonJelly the Carver (Yellow Draconian Monk)   Turns: 10519, Time: 00:17:08

Health: -3/81      AC: 10    Str: 13    XL:     9   Next: 46%
Magic:  9/9        EV: 13    Int: 18    God:    Dithmenos [****..]
Gold:   567        SH:  0    Dex: 16    Spells: 8/8 levels left

rFire    + . .     SeeInvis .   w - +0 double sword (elec)
rCold    . . .     Faith    .   (no shield)
rNeg     . . .     Spirit   .   (armour unavailable)
rPois    .         Reflect  .   (helmet restricted)
rElec    .         Harm     .   x - +1 cloak
rCorr    +         Rampage  .   A - +0 pair of gloves
Will     .....                  (no boots)
Stlth    +++++.....             g - amulet of magic regeneration
HPRegen  0.23/turn              e - +6 ring of intelligence
MPRegen  0.36/turn              F - ring of protection from fire

@: short of breath, slowed, wreathed by umbra, very slow
A: spit acid, AC +7, unfitting armour, cold-blooded, acid resistance
a: Breathe Acid, Renounce Religion, Shadow Step


You were on level 9 of the Dungeon.
You worshipped Dithmenos.
Dithmenos was greatly pleased with you.
You visited 1 branch of the dungeon, and saw 9 of its levels.

You collected 567 gold pieces.

Inventory:

Hand Weapons
 a - a +0 falchion
 i - a +2 dagger of venom
 w - a +0 double sword of electrocution (weapon)
 B - the +2 short sword of Honour {elec, rPois Will+ Dex+4}
   (You found it on level 7 of the Dungeon)

   It occasionally discharges a powerful burst of electricity upon striking a
   foe.
   Dex:       It affects your dexterity (+4).
   rPois:     It protects you from poison.
   Will:      It increases your willpower.
Missiles
 d - 4 atropa-tipped darts
 q - 56 poisoned darts
 C - 2 throwing nets
Armour
 x - a +1 cloak (worn)
 A - a +0 pair of gloves (worn)
Jewellery
 e - a +6 ring of intelligence (left hand)
 g - an amulet of magic regeneration (around neck)
 F - a ring of protection from fire (right hand)
Wands
 r - a wand of iceblast (13)
 u - a wand of mindburst (18)
 y - a wand of flame (22)
Scrolls
 b - a scroll of noise
 j - 3 scrolls of amnesia
 k - a scroll of blinking
 l - 3 scrolls of brand weapon
 n - 4 scrolls of identify
 o - 2 scrolls of fog
 v - a scroll of silence
 E - 2 scrolls of fear {unknown}
 G - a scroll of summoning {unknown}
Potions
 c - 5 potions of curing
 f - a potion of attraction {unknown}
 h - a potion of invisibility {unknown}
 m - 3 potions of heal wounds
 p - 5 potions of ambrosia {unknown}
 s - a potion of brilliance {unknown}
 t - a potion of cancellation {unknown}
 z - 2 potions of flight {unknown}
 D - a potion of haste {unknown}


   Skills:
 + Level 7.8 Fighting
 + Level 10.2 Long Blades
 - Level 2.6 Dodging
 - Level 6.0 Stealth


You had 8 spell levels left.
You didn't know any spells.
Your spell library contained the following spells:

 Spells                   Type           Power      Damage    Failure   Level
 Animate Skeleton         Necr           0%         N/A       22%         1
 Apportation              Tloc           0%         N/A       22%         1
 Corona                   Hex            0%         N/A       22%         1
 Summon Small Mammal      Summ           0%         N/A       22%         1
 Dazzling Flash           Conj/Hex       0%         N/A       54%         3
 Cause Fear               Hex            0%         N/A       91%         4
 Hailstorm                Conj/Ice       0%         3d3       91%         4
 Iskenderun's Mystic Bla  Conj/Tloc      0%         2d3       91%         4
 Fireball                 Conj/Fire      0%         3d3       99%         5
 Starburst                Conj/Fire      0%         8x6d3     100%        6
 Dragon Form              Tmut           0%         N/A       100%        7
 Malign Gateway           Summ/Tloc      0%         N/A       100%        7
 Dragon's Call            Summ           0%         N/A       100%        9


Dungeon Overview and Level Annotations

Branches:
Dungeon (9/15)             Temple (0/1) D:7            Lair (0/6) D:8
    Orc: D:9-12

Altars:
Dithmenos
Hepliaklqana
Sif Muna
Uskayaw
Vehumet

Shops:
D:2 *   D:5 (   D:7 :   D:8 *

Annotations:
D:3 1 runed translucent door, gimp's ghost, amateur OgEn
D:4 Grinder
D:7 5 runed translucent doors, ratboy's ghost, novice DjWz
D:8 1 runed translucent door, suduhmizer's ghost, novice MiBe
D:9 Erica


Innate Abilities, Weirdness & Mutations

You can spit globs of acid.
Your golden yellow scales are hard. (AC +7)
You cannot fit into any form of body armour.
You are cold-blooded and may be slowed by cold attacks.
You are resistant to acid. (rCorr)


Message History

The howler monkey zombie hits you. Something barely misses you.
You slash the howler monkey zombie!
Lightning courses through the howler monkey zombie!!
You destroy the howler monkey zombie!
Dithmenos accepts your kill. Something barely misses you.
No target in view!
No target in view!
No target in view!
No target in view!
No target in view!
No target in view!
No target in view!
You barely miss something. Something hits you but does no damage.
You miss something.
You hear some strange, mumbled words.
A magic dart appears from out of thin air!
The magic dart hits you but does no damage.
You miss something. You tail-slap something.
You hear some strange, mumbled words.
You are confused.
Something hits you but does no damage.
You miss something. You tail-slap something.
Your shadow hits something with a double sword.
Something hits you but does no damage.
You completely miss something.
Your tail-slap misses something.
Something hits you but does no damage. Something hits you.
Something hits you but does no damage.
You feel less confused.
You see here a +0 short sword.
You miss something. Something hits you but does no damage.
You miss something. Something hits you.
You slash something! Dithmenos accepts your kill.
Reactivating autopickup.
You feel a bit more experienced.
Things that are here:
a +0 dagger; a +2 robe of willpower; an orc corpse HP restored.
Things that are here:
a +0 mace; a +0 leather armour
Things that are here:
a +0 dagger; a +0 robe; an orc corpse
q - 56 poisoned darts (gained 13)
G - a scroll labelled FERHUO COTAXIHE Erica the Fiery-Tempered comes into view.
She is wielding a +4 scimitar of flaming.
Erica is nearby!
You open the door.
There is an open door here.
Found a flail.
You spit a glob of acid.
The glob of acid hits Erica!
Erica is splashed with acid.
The acid corrodes Erica!
Erica is moderately wounded.
Erica shouts!
Erica barely misses you.
You riposte.
You hit Erica.
Erica is moderately wounded.
You closely miss Erica.
Your tail-slap misses Erica.
Erica is moderately wounded.
Your shadow completely misses Erica.
Erica hits you but does no damage.
You barely miss Erica.
Erica is moderately wounded.
Erica gestures at you while chanting.
You feel yourself slow down.
You barely miss Erica.
Erica is moderately wounded.
Erica gestures at you while chanting. The lance of force hits you!!
You are knocked back by the lance of force.
You slam into the rock wall!
Erica drinks a potion.
Erica seems to grow stronger.
You slice Erica!! You tail-slap Erica.
Erica is heavily wounded.
Erica barely misses you.
You hit Erica but do no damage.
Erica is heavily wounded.
Erica is no longer covered in acid.
Erica hits you with a +4 scimitar of flaming!
Erica burns you.
Erica hits you with a +4 scimitar of flaming!!
* * * LOW HITPOINT WARNING * * *
Erica burns you.
* * * LOW HITPOINT WARNING * * *
You are too injured to fight recklessly!
You are too injured to fight recklessly!
You are too injured to fight recklessly!
You are too injured to fight recklessly!
You are too injured to fight recklessly!
Okay, then.
Unknown command.
Aiming: Mindburst
Press: ? - help, Shift-Dir - straight line, f/p - Erica
Aim: Erica, wielding a +4 scimitar of flaming and wearing a +0 robe (heavily wounded, strong, umbra, chance to affect: 30%) Erica easily resists.
Erica casts a spell at you. The lance of force hits you!
* * * LOW HITPOINT WARNING * * *
You are knocked back by the lance of force.
You slam into the rock wall!
You die...

#............. ...
#.............
...#########.............
.......)...............#
.......................#
......................#
.......@# #.......#
#####...+ .#...)..# +..@#
...#).....#
#.###.....#).)...#
#.'.......#......#
#.#########<.....#
#........รท.......#
#................#
#................#
#...............##
#.......(.......#


You could see Erica (strong).

Vanquished Creatures
  An acid dragon (D:9)
  2 water moccasins
  2 sky beasts
  An orc warrior (D:8)
  An ice beast (D:6)
  4 ogres
  2 centaurs
  2 kobold brigands
  3 bullfrogs
  2 scorpions (D:5)
  A wyvern zombie (D:7)
  4 killer bees (D:8)
  4 centaur zombies
  2 orc priests
  A bullfrog zombie (D:5)
  2 bullfrog skeletons
  2 centaur skeletons
  A gnoll shaman (D:3)
  3 hounds
  2 jellies
  An iguana (D:7)
  Ijyb (D:4)
  6 orc wizards
  A killer bee zombie (D:7)
  A hound zombie (D:5)
  2 howler monkey zombies
  7 gnolls
  3 adders
  2 shadow imps (D:6)
  An ufetubus (D:4)
  An adder skeleton (D:4)
  A worm (D:3)
  3 dart slugs
  19 orcs
  6 endoplasms
  3 giant cockroaches
  8 goblins
  4 hobgoblins
  12 jackals
  15 kobolds
  2 quokkas
  9 ball pythons
  4 bats
  3 frilled lizards
  7 rats
164 creatures vanquished.

Vanquished Creatures (others)
  An orc wizard (D:3)
  A fungus (D:8)
  3 plants (D:6)
  2 withered plants (D:3)
7 creatures vanquished.

Grand Total: 171 creatures vanquished

Notes
Turn   | Place    | Note
-------+----------+-------------------------------------------
     0 | D:1      | SkeletonJelly the Draconian Monk began the quest for the
                  | Orb.
     0 | D:1      | Reached XP level 1. HP: 19/19 MP: 1/1
   101 | D:1      | Reached XP level 2. HP: 16/26 MP: 2/2
   312 | D:1      | Reached skill level 4 in Long Blades
   629 | D:1      | Reached XP level 3. HP: 31/31 MP: 3/3
   735 | D:2      | Found a faded altar of an unknown god.
   749 | D:2      | Became a worshipper of Dithmenos the Shadowed
   749 | D:2      | Reached * piety under Dithmenos
   749 | D:2      | Reached ** piety under Dithmenos
   953 | D:2      | Reached *** piety under Dithmenos
  1047 | D:2      | Found Loudaufi's Assorted Antiques.
  1915 | D:3      | Reached XP level 4. HP: 28/38 MP: 4/4
  2400 | D:2      | Reached skill level 5 in Long Blades
  2418 | D:3      | Found a runed translucent door.
  2419 | D:3      | Noticed gimp's ghost (amateur OgEn)
  2448 | D:3      | Reached XP level 5. HP: 38/45 MP: 5/5
  3382 | D:3      | Found a radiant altar of Vehumet.
  4580 | D:4      | Reached XP level 6. HP: 38/51 MP: 6/6
  4822 | D:4      | Noticed Grinder
  4834 | D:4      | Paralysed by Grinder for 5 turns
  5105 | D:4      | Noticed Ijyb
  5115 | D:4      | Killed Ijyb
  5116 | D:4      | Reached skill level 6 in Long Blades
  5311 | D:4      | Reached **** piety under Dithmenos
  5608 | D:5      | Entered Level 5 of the Dungeon
  5630 | D:5      | Reached skill level 5 in Stealth
  5630 | D:5      | Your scales start taking on a golden yellow colour.
  5630 | D:5      | Reached XP level 7. HP: 26/57 MP: 7/7
  5630 | D:5      | Gained mutation: You are resistant to acid. (rCorr) [Yellow
                  | Draconian growth]
  6151 | D:5      | Found Diunaca's Antique Weapon Shoppe.
  6172 | D:5      | Reached skill level 7 in Long Blades
  6662 | D:6      | Reached XP level 8. HP: 28/63 MP: 8/8
  6685 | D:6      | Reached skill level 8 in Long Blades
  6920 | D:6      | HP: 3/63 [ogre (22)]
  7607 | D:6      | Reached skill level 5 in Fighting
  8042 | D:7      | Reached skill level 9 in Long Blades
  8068 | D:7      | Found a runed translucent door.
  8068 | D:7      | Noticed ratboy's ghost (novice DjWz)
  8253 | D:7      | Found a hide-covered altar of Uskayaw.
  8262 | D:7      | Found a huge runed translucent gate.
  8262 | D:7      | Found a huge runed translucent gate.
  8262 | D:7      | Found a huge runed translucent gate.
  8263 | D:7      | Found a huge runed translucent gate.
  8263 | D:7      | Noticed a polar bear
  8264 | D:7      | Noticed a polar bear
  8264 | D:7      | Noticed a polar bear
  8265 | D:7      | Noticed a polar bear
  8265 | D:7      | Noticed a dream sheep
  8500 | D:7      | Identified the +2 short sword of Honour {elec, rPois Will+
                  | Dex+4}
  8570 | D:7      | Found Nyshrager's Book Shop.
  8585 | D:7      | Found a staircase to the Ecumenical Temple.
  8664 | D:7      | Found a shimmering blue altar of Sif Muna.
  9085 | D:8      | Found Yfikhab's General Store.
  9089 | D:8      | Reached XP level 9. HP: 70/78 MP: 9/9
  9185 | D:8      | Found a hazy altar of Hepliaklqana.
  9396 | D:8      | Reached skill level 10 in Long Blades
  9398 | D:8      | HP: 2/79 [centaur (2)]
  9747 | D:8      | Found a staircase to the Lair.
  9781 | D:8      | Got Winkoscho's Almanac of Summoning and Arcane Weapons
 10156 | D:8      | Found a runed translucent door.
 10159 | D:8      | Noticed suduhmizer's ghost (novice MiBe)
 10160 | D:8      | Noticed a tengu warrior
 10505 | D:9      | Noticed Erica
 10519 | D:9      | Collided with a rock wall

Illustrated notes

Levels and vault maps discovered:
D:1:      saegor_arrival_simple_d, layout_rooms
D:2:      layout_loops_corners, serial_shops, nicolae_shop_stone,
          ebering_ecumenical_altar_webs, grunt_decor_fettered
D:3:      layout_loops_ring, mainiacjoe_overflow_alcove_4,
          gammafunk_ghost_grave, glass_columns_b, dk_noncrumbling_2,
          corner_web_ring, grunt_ministairs_10, kennysheep_doodads,
          minmay_misc_feat_cross, corexii_shack
D:4:      layout_loops_ring, uniq_grinder, uniq_ijyb
D:5:      layout_rooms, serial_shops, kennysheep_mini, dk_vineyard_1,
          chequers_arboretum, water_maze_lemuel
D:6:      layout_basic, lexackson_kobold_supper
D:7:      lemuel_bear_cage, layout_loops_ring,
          mainiacjoe_overflow_small_starburst, tgw_sif,
          minmay_temple_entry_proselytizer, hellmonk_ghost_happy_afterlife,
          serial_shops, nicolae_shop_waterfront
D:8:      layout_loops_ring, dpeg_oklobed_lair, ebering_ghost_inner_flame,
          serial_shops, shop, kennysheep_flooded_box
D:9:      layout_irregular_city, minmay_increasing_density, uniq_erolcha,
          uniq_erica

Skill      XL: |  1  2  3  4  5  6  7  8  9 |
---------------+----------------------------+-----
Long Blades    | 4 5 6 7 9 10 | 10.2
Stealth        | 2 3 4 5 6 |  6.0
Fighting       | 6 7 |  7.8
Dodging        | |  2.6

Action                   |  1- 3 |  4- 6 |  7- 9 || total
-------------------------+-------+-------+-------++-------
Melee: Falchion          |   113 |   229 |    17 ||   359
       Tailslap          |    10 |    33 |    29 ||    72
       Double sword      |       |       |   185 ||   185
Throw: Dart              |       |     3 |       ||     3
Invok: Shadow Step       |       |       |     1 ||     1
 Abil: Breathe Acid      |       |       |    19 ||    19
Evoke: Wand              |       |       |     1 ||     1
  Use: Potion            |       |     3 |       ||     3
       Scroll            |       |       |     8 ||     8
 Stab: Sleeping          |    10 |     6 |    14 ||    30
       Distracted        |       |     3 |       ||     3
Armor: Skin              |    42 |    59 |    92 ||   193
Dodge: Dodged            |    89 |   164 |   166 ||   419
       Rpst.: Falchion   |    20 |    42 |     7 ||    69
       Double sword      |       |       |    41 ||    41
